 Dungeon Crawl Stone Soup version 0.31-a0-175-g9f7f995f2b (webtiles) character file.

Game seed: 4039261300464703834

806 qw the Chopper (level 7, -1/44 HPs)
             Began as a Gargoyle Fighter on June 16, 2023.
             Slain by a gnoll
             ... wielding a +0 flail
              (7 damage)
             ... on level 6 of the Dungeon.
             The game lasted 00:01:55 (3228 turns).

qw the Chopper (Gargoyle Fighter)                   Turns: 3228, Time: 00:01:56

Health: -1/44      AC:  3    Str: 22    XL:     7   Next: 91%
Magic:  7/7        EV: 10    Int:  8    God:
Gold:   277        SH:  4    Dex:  9    Spells: 6/6 levels left

rFire   . . .        Y - +0 war axe
rCold   . . .        c - +0 buckler
rNeg    + + .        b - +0 scale mail
rPois   inf          (no helmet)
rElec   +            o - scarf {repulsion}
rCorr   .            (no gloves)
SInv    .            (no boots)
Will    .....        (no amulet) Stlth
                     h - ring of positive energy
HPRegen 0.27/turn    (no ring)
MPRegen 0.10/turn

%: repel missiles
@: about to teleport, corroded
A: sickness immunity, AC +4, negative energy resistance 1, electricity
resistance, torment resistance 1, petrification resistance
a: no special abilities


You were on level 6 of the Dungeon.
You visited 1 branch of the dungeon, and saw 5 of its levels.

You collected 277 gold pieces.


Innate Abilities, Weirdness & Mutations

You are immune to sickness and miasma.
Your stone body is resilient. (AC +4)
You are immune to poison.
You resist negative energy. (rN+)
You are resistant to electric shocks. (rElec)
You are resistant to unholy torment.
You are immune to petrification.


   Skills:
 + Level 4.9 Fighting
 - Level 7.1 Axes
 - Level 3.2 Armour
 - Level 1.6 Dodging
 - Level 3.2 Shields


You had 6 spell levels left.
You didn't know any spells.
Your spell library was empty.

Inventory:

Hand Weapons
 g - the +8 mace "Equulik" {heavy, Str+4 Int+3 Dex+2}
   (You found it on level 2 of the Dungeon)

   Str:       It affects your strength (+4).
   Int:       It affects your intelligence (+3).
   Dex:       It affects your dexterity (+2).
 Y - a +0 war axe (weapon)
Armour
 b - a +0 scale mail (worn)
 c - a +0 buckler (worn)
 o - a scarf of repulsion (worn)
Jewellery
 h - a ring of positive energy (left hand)
Scrolls
 j - a scroll of teleportation
Potions
 a - 2 potions of attraction {unknown}
 d - a potion of might
 e - a potion of ambrosia {unknown}
 f - a potion of resistance
 i - a potion of berserk rage {unknown}
 k - 2 potions of enlightenment {unknown}
 m - a potion of haste {unknown}
 n - a potion of degeneration {unknown}

Dungeon Overview and Level Annotations

Branches:
Dungeon (4/15)
 Temple: D:4-7

Altars:
Ashenzari
Fedhas
Sif Muna
Xom

Shops:
D:3 :


Message History

A gnoll comes into view. It is wielding a +0 flail.
The howler monkey hits you but does no damage.
The hound bites you but does no damage.
You hit the jelly but do no damage. The acid corrodes you!
Your hands burn!
The jelly is heavily wounded.
You slash the howler monkey!
You kill the howler monkey!
You hit the hound. The jelly barely misses you. You block the hound's attack.
Your Axes skill increases to level 7!
You hit the jelly but do no damage.
Your hands burn!
The jelly is heavily wounded.
You hit the hound but do no damage. You hit the gnoll but do no damage.
The hound bites you. The jelly closely misses you.
You block the hound's attack. The jelly hits you but does no damage.
The gnoll hits you with a +0 club.
You hit the jelly.
Your hands burn!
The jelly is heavily wounded.
You hit the gnoll but do no damage. You hit the hound.
You barely miss the gnoll. The hound closely misses you. The hound misses you.
The jelly hits you. The acid corrodes you!
You are splashed with acid.
The gnoll hits you with a +0 flail. The gnoll hits you but does no damage.
You closely miss the hound.
The hound is severely wounded.
You closely miss the gnoll. You hit the jelly.
Your hands burn!
You hit the gnoll. The hound barely misses you. The jelly barely misses you.
The gnoll barely misses you. The gnoll hits you with a +0 club.
The hound bites you.
3227 ||| READING 2 scrolls of teleportation.
As you read the scroll of teleportation, it crumbles to dust.
You feel strangely unstable. The hound barely misses you.
The jelly barely misses you. The gnoll barely misses you.
The gnoll hits you with a +0 club.
You hit the jelly.
You kill the jelly!
You hit the gnoll. You hit the gnoll but do no damage.
You barely miss the hound. The hound barely misses you.
The gnoll hits you with a +0 flail!
You die...

...............
~~~~~~~~....~~~
~~~~~~~~....~~~
~~~~~~~~....~
............
..........#
#....hg..#.###
####@g......
#...#..###..
#...##..## #...# #...
#...# ..## .##. #...#
#.# ...... #...####.#
#......
#........####.....#..
#...##...............


You could see a hound and 2 gnolls.

Vanquished Creatures
  A sky beast (D:6)
  A black bear (D:4)
  An ogre (D:3)
  2 kobold brigands (D:6)
  A bullfrog (D:6)
  A howler monkey (D:6)
  A jelly (D:6)
  2 hounds
  An iguana (D:4)
  Ijyb (D:4)
  Natasha (thrice) (D:3)
  4 adders (D:3)
  2 worms
  A dart slug (D:2)
  6 orcs
  7 endoplasms
  6 giant cockroaches
  5 goblins
  7 hobgoblins
  4 jackals (D:1)
  2 quokkas
  4 ball pythons
  4 bats
  A frilled lizard (D:1)
  16 kobolds
  3 rats
87 creatures vanquished.

Notes
Turn   | Place    | Note
-------+----------+-------------------------------------------
     0 | D:1      | qw the Gargoyle Fighter began the quest for the Orb.
     0 | D:1      | Reached XP level 1. HP: 14/14 MP: 1/1
     0 | D:1      | 0 ||| qw: Version: 0.2-a-29-g511e9b1
     0 | D:1      | 0 ||| qw: Game counter: 5752
     0 | D:1      | 0 ||| qw: Always use a shield: true
     0 | D:1      | 0 ||| qw: God list: Okawaru
     0 | D:1      | 0 ||| qw: Allow faded altars: false
     0 | D:1      | 0 ||| qw: Do Orc after D:15 true
     0 | D:1      | 0 ||| qw: Do second Lair branch before Depths: true
     0 | D:1      | 0 ||| qw: Lair rune preference: random
     0 | D:1      | 0 ||| qw: Plans: Normal, Zot:1-4, Slime:5, God:TSO, Crypt,
                  | Tomb, Abyss, Pan, Hells, Win
     0 | D:1      | 0 ||| PLANNING D:1-11
    32 | D:1      | Reached skill level 2 in Axes
    97 | D:1      | Reached XP level 2. HP: 18/19 MP: 2/2
   877 | D:1      | 877 ||| UPGRADING to ring of positive energy.
   878 | D:1      | 878 ||| READING scroll labelled FOPPAYFOIN.
   883 | D:1      | 883 ||| READING scroll labelled GUATIPOROXT.
   884 | D:1      | 884 ||| READING scroll labelled GASUYR NIYVICS.
   885 | D:1      | 885 ||| READING 4 scrolls labelled EFAR VUOPESOP.
   886 | D:1      | 886 ||| DROPPING 3 scrolls of fog.
   935 | D:2      | Reached skill level 3 in Axes
   973 | D:2      | Reached XP level 3. HP: 23/23 MP: 3/3
   975 | D:2      | 975 ||| Stepping ~*~*~tactically~*~*~ (hiding).
  1099 | D:2      | Identified the +8 mace "Equulik" {heavy, Str+4 Int+3 Dex+2}
  1451 | D:2      | Found a blossoming altar of Fedhas.
  1492 | D:2      | 1492 ||| DROPPING orb of energy.
  1493 | D:2      | 1493 ||| UPGRADING to scarf of repulsion.
  1498 | D:2      | 1498 ||| READING scroll labelled PEIWNU KEREB.
  1499 | D:2      | 1499 ||| READING scroll labelled WIOM ORIDGHEERA.
  1548 | D:3      | 1548 ||| FLEEEEING.
  1549 | D:3      | 1549 ||| FLEEEEING.
  1550 | D:3      | 1550 ||| FLEEEEING.
  1551 | D:3      | 1551 ||| FLEEEEING.
  1555 | D:3      | 1555 ||| FLEEEEING.
  1556 | D:3      | 1556 ||| FLEEEEING.
  1557 | D:3      | 1557 ||| FLEEEEING.
  1558 | D:3      | 1558 ||| STAIRDANCE
  1592 | D:3      | Found a shimmering blue altar of Sif Muna.
  1599 | D:3      | 1599 ||| Stepping ~*~*~tactically~*~*~ (stealth).
  1698 | D:3      | Found Melups's Book Shop.
  1703 | D:3      | Reached XP level 4. HP: 25/28 MP: 4/4
  1709 | D:3      | 1709 ||| Stepping ~*~*~tactically~*~*~ (stealth).
  1713 | D:3      | 1713 ||| Stepping ~*~*~tactically~*~*~ (stealth).
  1716 | D:3      | 1716 ||| Stepping ~*~*~tactically~*~*~ (stealth).
  1806 | D:3      | Reached skill level 4 in Axes
  1985 | D:3      | Noticed Natasha
  1989 | D:3      | Killed Natasha
  2272 | D:3      | Reached XP level 5. HP: 32/32 MP: 5/5
  2314 | D:3      | Noticed Natasha
  2315 | D:3      | 2315 ||| Stepping ~*~*~tactically~*~*~ (stealth).
  2321 | D:3      | Killed Natasha
  2466 | D:3      | Noticed Natasha
  2473 | D:3      | Killed Natasha
  2474 | D:3      | Reached skill level 5 in Axes
  2530 | D:3      | Found a shimmering altar of Xom.
  2538 | D:3      | Found a broken altar of Ashenzari.
  2578 | D:3      | 2578 ||| READING scroll labelled FUBEHAKHLOI.
  2579 | D:3      | 2579 ||| DRINKING 2 golden potions.
  2690 | D:4      | Noticed a black bear
  2695 | D:4      | Noticed an ogre
  2699 | D:4      | Killed a black bear
  2700 | D:4      | Reached XP level 6. HP: 30/40 MP: 6/6
  2700 | D:4      | 2700 ||| FLEEEEING.
  2701 | D:4      | 2701 ||| FLEEEEING.
  2702 | D:4      | 2702 ||| FLEEEEING.
  2703 | D:4      | 2703 ||| FLEEEEING.
  2704 | D:4      | 2704 ||| FLEEEEING.
  2705 | D:4      | 2705 ||| FLEEEEING.
  2706 | D:4      | 2706 ||| FLEEEEING.
  2707 | D:4      | 2707 ||| FLEEEEING.
  2708 | D:4      | 2708 ||| FLEEEEING.
  2709 | D:4      | 2709 ||| FLEEEEING.
  2710 | D:4      | 2710 ||| FLEEEEING.
  2711 | D:4      | 2711 ||| FLEEEEING.
  2712 | D:4      | 2712 ||| FLEEEEING.
  2713 | D:4      | 2713 ||| FLEEEEING.
  2714 | D:4      | 2714 ||| FLEEEEING.
  2715 | D:4      | 2715 ||| FLEEEEING.
  2716 | D:4      | 2716 ||| FLEEEEING.
  2717 | D:4      | 2717 ||| FLEEEEING.
  2718 | D:4      | 2718 ||| FLEEEEING.
  2719 | D:4      | 2719 ||| FLEEEEING.
  2720 | D:4      | 2720 ||| STAIRDANCE
  2741 | D:4      | 2741 ||| STAIRDANCE
  2744 | D:3      | Reached skill level 1 in Dodging
  2782 | D:4      | Noticed Ijyb
  2783 | D:4      | 2783 ||| Stepping ~*~*~tactically~*~*~ (hiding).
  2784 | D:4      | 2784 ||| Stepping ~*~*~tactically~*~*~ (hiding).
  2785 | D:4      | 2785 ||| Stepping ~*~*~tactically~*~*~ (hiding).
  2786 | D:4      | 2786 ||| Stepping ~*~*~tactically~*~*~ (hiding).
  2787 | D:4      | 2787 ||| Stepping ~*~*~tactically~*~*~ (hiding).
  2788 | D:4      | 2788 ||| Stepping ~*~*~tactically~*~*~ (hiding).
  2799 | D:4      | Killed Ijyb
  2806 | D:4      | 2806 ||| FLEEEEING.
  2807 | D:4      | 2807 ||| FLEEEEING.
  2808 | D:4      | 2808 ||| FLEEEEING.
  2809 | D:4      | 2809 ||| FLEEEEING.
  2810 | D:4      | 2810 ||| FLEEEEING.
  2811 | D:4      | 2811 ||| FLEEEEING.
  2812 | D:4      | 2812 ||| FLEEEEING.
  2813 | D:4      | 2813 ||| FLEEEEING.
  2814 | D:4      | 2814 ||| FLEEEEING.
  2815 | D:4      | 2815 ||| FLEEEEING.
  2816 | D:4      | 2816 ||| STAIRDANCE
  2959 | D:4      | Reached XP level 7. HP: 40/44 MP: 7/7
  3020 | D:4      | You fall into a shaft and drop 2 floors!
  3057 | D:6      | 3057 ||| Stepping ~*~*~tactically~*~*~ (stealth).
  3083 | D:6      | Reached skill level 6 in Axes
  3109 | D:6      | 3109 ||| Stepping ~*~*~tactically~*~*~ (stealth).
  3125 | D:6      | 3125 ||| Stepping ~*~*~tactically~*~*~ (stealth).
  3128 | D:6      | 3128 ||| Stepping ~*~*~tactically~*~*~ (stealth).
  3129 | D:6      | 3129 ||| Stepping ~*~*~tactically~*~*~ (stealth).
  3224 | D:6      | Reached skill level 7 in Axes
  3226 | D:6      | HP: 11/44 [gnoll/+0 club (4)]
  3227 | D:6      | 3227 ||| READING 2 scrolls of teleportation.
  3227 | D:6      | HP: 5/44 [gnoll/+0 club (4)]
  3228 | D:6      | Slain by a gnoll

Levels and vault maps discovered:
D:1:      lightli_arrival_maybe_door_vault, layout_basic
D:2:      layout_rooms, basic_altar, minivault_5, nrook_campfire,
          chequers_serial_rivers_micro_a, minmay_tree_intersection
D:3:      layout_loops_ring, nicolae_sif_muna_condensation,
          amethyst_overflow_temple_binary, serial_shops,
          nicolae_shop_advertising_works [nicolae_subvault_shop_adworks],
          grunt_ministairs_3, uniq_natasha
D:4:      layout_layer_cave, uniq_robin, uniq_ijyb, uniq_menkaure
D:6:      lemuel_castle_with_subvaults [lemuel_castle_interior_carwin_1],
          layout_rooms, nicolae_dithmenos_through_a_glass_darkly, uniq_pikel

Skill      XL: |  1  2  3  4  5  6  7 |
---------------+----------------------+-----
Axes           | 2 3 4 5 7 |  7.1
Fighting       | 4 |  4.9
Dodging        | 1 |  1.6
Armour         | |  3.2
Shields        | |  3.2

Action                     |  1- 3 |  4- 6 |  7- 9 || total
---------------------------+-------+-------+-------++-------
  Melee: War axe           |   119 |    85 |    71 ||   275
         Unarmed           |       |     6 |       ||     6
    Use: Scroll            |     6 |     1 |     1 ||     8
         Potion            |       |     1 |       ||     1
 Armour: Scale mail        |    60 |    40 |    37 ||   137
         Skin              |       |     1 |       ||     1
  Dodge: Dodged            |    45 |    43 |    44 ||   132
  Block: Buckler           |    18 |    14 |    14 ||    46

Table legend:
 A = Non-vault XP
 B = Vault XP
 C = Vault XP percentage of total XP
 D = Non-vault monster count
 E = Vault monster count
 F = Vault count percentage of total count
                 A         B        C        D         E       F
            +---------+---------+-------+---------+---------+-------
      Total |    1057 |     138 |  11.5 |      82 |       5 |   5.7
            +---------+---------+-------+---------+---------+-------
        D:1 |      28 |       0 |   0.0 |      17 |       0 |   0.0
        D:2 |      32 |       0 |   0.0 |      15 |       0 |   0.0
        D:3 |     262 |      51 |  16.3 |      24 |       3 |  11.1
        D:4 |     215 |      36 |  14.3 |       7 |       1 |  12.5
        D:6 |     520 |      51 |   8.9 |      19 |       1 |   5.0
            +---------+---------+-------+---------+---------+-------
